Map: [ESL] Tropical Sacrifice

Players

Solar

  • Race: Zerg Zerg
  • League: Master
  • Spawn Location: 1:00

Spirit (souL) - Winner!

  • Race: Terran Terran
  • Spawn Location: 7:00

VOD

Have the link to the VOD?

Description

Time

  • Played on: Oct. 23, 2022, 8:09 p.m.
  • Length: 10:38
Show
View Real Time Build Order
Export as new Build Order

Solar Zerg 

Build Orders: Hatch First 

Get SALT Encoding   

  12  0:00  Drone  
  13  0:13  Overlord  
  13  0:18  Drone  
  14  0:32  Drone x2  
  16  0:49  Hatchery  
  15  0:52  Drone  
  15  0:55  Drone  
  17  0:59  Drone  
  18  1:10  Extractor  
  17  1:14  Spawning Pool  
  17  1:18  Drone  
  17  1:22  Drone  
  18  1:29  Drone  
  19  1:40  Drone  
  20  1:55  Drone  
  21  2:01  Queen x2  
  25  2:10  Zergling x4  
  25  2:13  Overlord  
  25  2:14  Drone  
  28  2:24  Hatchery  
  28  2:26  Drone  
  28  2:32  Spore Crawler  
  28  2:33  Drone  
  28  2:35  Drone  
  30  2:41  Queen  
  32  2:47  Overlord  
  32  2:51  Metabolic Boost  
  32  2:56  Drone x2  
  34  2:59  Drone  
  34  3:02  Drone  
  37  3:05  Drone  
  37  3:10  Drone  
  40  3:12  Drone x2  
  40  3:13  Drone  
  40  3:18  Queen  
  43  3:22  Overlord  
  43  3:25  Drone  
  44  3:34  Overlord  
  44  3:37  Queen  
  44  3:39  Queen  
  48  3:44  Drone x2  
  48  3:46  Drone  
  51  3:51  Drone x4  
  55  3:59  Drone  
  55  4:00  Drone x5  
  61  4:04  Drone  
  61  4:09  Overlord  
  62  4:12  Zergling x4  
  64  4:18  Queen  
  64  4:21  Overlord  
  64  4:24  Overlord  
  66  4:25  Overlord  
  66  4:26  Queen  
  67  4:31  Drone  
  67  4:32  Drone x5  
  67  4:35  Lair  
  73  4:39  Extractor  
  73  4:40  Drone, Extractor  
  73  4:41  Drone  
  73  4:43  Baneling Nest, Drone x2  
  73  4:45  Drone  
  75  4:47  Drone  
  75  4:48  Overlord  
  75  4:49  Extractor  
  75  4:52  Drone x2  
  77  4:53  Drone x2  
  79  5:01  Spore Crawler  
  79  5:02  Drone x4  
  79  5:04  Drone  
  83  5:07  Spore Crawler, Queen  
  83  5:09  Drone  
  85  5:14  Overlord  
  85  5:15  Drone x2  
  85  5:17  Spore Crawler  
  86  5:22  Extractor  
  86  5:23  Extractor  
  86  5:25  Drone x3  
  86  5:28  Evolution Chamber x2  
  86  5:31  Drone x3  
  86  5:32  Drone x2  
  86  5:33  Zergling x2  
  91  5:35  Overseer, Spire  
  91  5:37  Drone  
  91  5:40  Drone  
  91  5:41  Centrifugal Hooks  
  92  5:44  Zergling x2  
  92  5:45  Zergling x4  
  95  5:56  Hatchery  
  94  5:57  Overlord  
  94  6:01  Zerg Ground Armor Level 1  
  94  6:02  Zerg Melee Weapons Level 1  
  94  6:03  Overlord  
  94  6:06  Drone  
  94  6:07  Zergling x8  
  94  6:10  Overlord  
  99  6:12  Queen  
  99  6:16  Drone x3  
  99  6:17  Drone  
  101  6:18  Drone  
  101  6:19  Drone  
  101  6:21  Drone  
  101  6:23  Drone x2  
  103  6:31  Spore Crawler  
  103  6:32  Overlord  
  102  6:47  Mutalisk x3  
  102  6:48  Mutalisk x5  
  102  6:52  Hatchery  
  117  6:54  Mutalisk  
  117  6:58  Zergling x12  
  125  7:05  Zerg Flyer Weapons Level 1  
  125  7:06  Drone x6  
  131  7:10  Zergling x6  
  131  7:14  Baneling x9  
  134  7:20  Extractor  
  131  7:25  Drone x3  
  131  7:27  Overlord  
  129  7:31  Drone x3  
  129  7:33  Drone  
  129  7:36  Mutalisk, Overlord x2  
  133  7:38  Drone  
  133  7:41  Zergling x2  
  133  7:42  Overlord x2  
  133  7:43  Baneling x2  
  137  7:46  Baneling x2  
  137  7:52  Zergling x10  
  142  8:03  Zergling x6, Queen  
  146  8:06  Baneling  
  146  8:07  Zergling x12  
  146  8:12  Zergling x10  
  156  8:16  Baneling x4  
  156  8:19  Zergling x6  
  159  8:25  Mutalisk x2  
  152  8:35  Mutalisk x6  
  152  8:38  Zergling x8  
  152  8:40  Zergling x2  
  168  8:43  Hatchery, Overlord  
  168  8:44  Baneling x5  
  165  8:48  Zergling x4  
  161  8:56  Zergling x4  
  161  9:00  Zergling x2  
  154  9:06  Zergling x8  
  158  9:15  Zergling x2  
  158  9:16  Zergling x8  
  137  9:20  Zergling x6  
  137  9:22  Zergling x4  
  132  9:26  Zergling x2  
  132  9:30  Baneling x6  
  131  9:35  Mutalisk x3  
  122  9:40  Zergling x2  
  122  9:41  Zergling x4  
  122  9:43  Mutalisk  
  116  9:45  Queen  
  116  9:46  Queen  
  120  9:53  Zergling x4  
  120  9:56  Zergling x6  
  122  10:00  Queen x2  
  122  10:01  Mutalisk x3  
  122  10:06  Zergling x4  
  131  10:09  Baneling x3  
  131  10:10  Zergling x2, Baneling x3  
  131  10:13  Zergling x2  
Show
View Real Time Build Order
Export as new Build Order

Spirit Terran - Winner!

Build Orders: Reaper Expand 

Get SALT Encoding   

  12  0:00  SCV  
  13  0:13  SCV  
  14  0:18  Supply Depot  
  14  0:25  SCV  
  15  0:39  SCV  
  15  0:41  Barracks  
  16  0:45  Refinery  
  16  0:52  SCV  
  17  1:04  SCV  
  18  1:16  SCV  
  19  1:28  Reaper  
  19  1:29  Orbital Command  
  20  1:41  Command Center  
  20  1:51  Supply Depot  
  20  1:54  SCV  
  20  2:00  Marine  
  22  2:06  SCV  
  22  2:07  Refinery  
  23  2:18  SCV  
  25  2:27  Barracks Reactor  
  24  2:31  SCV  
  25  2:41  Command Center  
  25  2:43  SCV  
  26  2:48  Factory  
  26  2:56  Orbital Command  
  26  2:59  SCV  
  26  3:04  Marine x2  
  29  3:11  Refinery  
  29  3:12  SCV  
  30  3:23  SCV, Marine  
  30  3:24  SCV  
  30  3:25  Marine  
  34  3:35  SCV  
  34  3:36  SCV  
  34  3:39  Starport  
  36  3:45  Marine x2  
  36  3:47  SCV  
  39  3:48  SCV  
  39  3:49  Factory Tech Lab  
  39  3:55  Orbital Command  
  40  3:59  SCV  
  40  4:00  SCV  
  42  4:08  Marine  
  42  4:09  Marine  
  44  4:11  SCV  
  44  4:13  SCV  
  44  4:16  Fusion Core  
  46  4:19  Starport  
  46  4:23  SCV  
  46  4:25  SCV  
  46  4:26  SCV  
  48  4:34  Supply Depot, Starport Tech Lab  
  48  4:35  SCV  
  48  4:37  SCV  
  48  4:38  SCV  
  51  4:39  Barracks Tech Lab  
  51  4:40  Supply Depot  
  51  4:47  SCV  
  51  4:49  SCV  
  55  5:03  Battlecruiser x2  
  65  5:07  Refinery  
  65  5:08  Factory Tech Lab  
  65  5:15  Barracks, Stimpack  
  65  5:17  SCV, Barracks  
  65  5:19  SCV x2  
  68  5:24  Barracks  
  68  5:30  Engineering Bay, Barracks  
  68  5:34  Engineering Bay  
  68  5:38  Orbital Command  
  68  5:40  Siege Tank  
  71  5:43  SCV x2  
  71  5:48  Supply Depot  
  71  5:49  Marine  
  74  5:52  Supply Depot  
  74  5:55  SCV x2  
  74  5:56  Terran Infantry Weapons Level 1  
  76  6:00  Supply Depot  
  76  6:06  Terran Infantry Armor Level 1  
  76  6:07  Barracks Reactor, SCV  
  76  6:10  SCV x2  
  79  6:19  SCV  
  79  6:20  Siege Tank  
  79  6:22  Barracks Reactor x2, SCV  
  79  6:23  Medivac  
  79  6:24  SCV  
  87  6:27  Bunker, Marine x2  
  87  6:28  Supply Depot x2  
  87  6:31  SCV  
  90  6:33  Marine  
  90  6:34  SCV  
  90  6:36  SCV  
  93  6:42  Medivac  
  93  6:43  SCV  
  93  6:44  Marine  
  93  6:45  Marine  
  98  6:47  Marine  
  98  6:49  SCV  
  98  6:50  SCV  
  98  6:51  Marine  
  98  6:53  Marine  
  103  6:55  SCV, Combat Shield  
  103  6:59  Supply Depot, Siege Tank, Marine  
  103  7:00  Marine x2  
  103  7:01  SCV  
  111  7:02  SCV, Marine x2  
  111  7:07  SCV, Marine  
  116  7:12  Supply Depot x2, Refinery, Marine  
  117  7:20  SCV x2, Marine x4  
  123  7:25  Marine  
  123  7:28  Marine  
  125  7:33  Siege Tank, Marine x3  
  125  7:34  Armory  
  131  7:38  Marine x4  
  131  7:40  Medivac x2  
  131  7:42  Missile Turret  
  131  7:43  Marine  
  138  7:46  Marine  
  138  7:49  Missile Turret  
  138  7:51  Marine x3  
  135  7:54  Missile Turret  
  135  7:56  Missile Turret  
  135  7:58  Marine x4  
  136  8:07  SCV  
  136  8:12  Marine x2  
  140  8:15  Marine  
  140  8:16  Marine  
  140  8:18  Supply Depot, SCV, Marine x5  
  147  8:20  Supply Depot  
  147  8:22  SCV  
  147  8:27  Siege Tank  
  147  8:30  Marine x2  
  147  8:33  Marine x2  
  148  8:36  Marine  
  148  8:39  Medivac, Marine x2  
  148  8:40  SCV x2  
  148  8:41  Marine x2  
  156  8:48  Medivac, Marine  
  159  8:50  Supply Depot, Armory  
  158  8:56  Marine x4  
  158  8:59  Marine  
  162  9:06  Marine x2  
  162  9:08  Marine  
  162  9:09  Marine  
  166  9:13  Marine  
  166  9:14  Marine x3  
  159  9:19  Marine  
  159  9:23  Siege Tank, Marine  
  159  9:24  Marine  
  160  9:26  Marine x2  
  152  9:31  Marine x3  
  152  9:32  Marine  
  152  9:36  Marine  
  149  9:41  Marine x2  
  149  9:44  Marine x2  
  134  9:49  Marine x3  
  134  9:50  Marine  
  138  9:54  Medivac, Marine  
  138  9:55  Siege Tank  
  138  9:58  Medivac  
  138  9:59  Marine x2  
  148  10:02  Marine x2  
  147  10:07  Marine x3  
  147  10:08  Marine  
  147  10:12  Marine  
  152  10:17  Marine  
  152  10:19  Marine  
Tags
 
Add a new tag
Caveats
  • Supply blocks, unpowered buildings, or Contaminate may cause inaccurate times.
  • Supply counts are checked every 10 seconds.